 Dungeon Crawl Stone Soup version 0.29.0-4-gdea44cf6ec (webtiles) character file.

Game seed: 1934439220662671112

8885 qw the Cleaver (level 11, -6/71 HPs)
             Began as a Gargoyle Berserker on Sept 8, 2022.
             Was an Elder of Trog.
             Mangled by a tengu warrior
             ... wielding a +0 halberd
              (12 damage)
             ... on level 10 of the Dungeon.
             The game lasted 00:03:58 (11921 turns).

qw the Cleaver (Gargoyle Berserker)                Turns: 11921, Time: 00:03:58

Health: -6/71      AC: 27    Str: 25    XL:     11   Next: 37%
Magic:  11/11      EV:  9    Int:  8    God:    Trog [****..]
Gold:   471        SH:  0    Dex: 18    Spells: 10/10 levels left

rFire   . . .      SeeInvis .   b - +9 hand axe of the Original Sin {speed, rElec rPois rC+ Dex+3}
rCold   + . .      Faith    .   (no shield)
rNeg    + . .      Spirit   .   e - +0 plate armour
rPois   inf        Reflect  .   n - +0 helmet
rElec   +          Harm     .   (no cloak)
rCorr   .          Rampage  .   j - +2 pair of gloves
Will    .....                   r - +0 pair of boots
Stlth   ..........              s - amulet of the acrobat
HPRegen 0.21/turn               g - +6 ring of dexterity
MPRegen 0.12/turn               (no ring)

@: about to teleport, on berserk cooldown, slowed, very slow
A: sickness immunity, AC +8, negative energy resistance 1, electricity
resistance, torment resistance 1, petrification resistance
a: Renounce Religion, Berserk, Trog's Hand, Brothers in Arms


You were on level 10 of the Dungeon.
You worshipped Trog.
Trog was greatly pleased with you.
You visited 1 branch of the dungeon, and saw 10 of its levels.

You collected 645 gold pieces.
You spent 174 gold pieces at shops.


Innate Abilities, Weirdness & Mutations

You are immune to sickness and miasma.
Your stone body is resilient. (AC +8)
You are immune to poison.
You resist negative energy. (rN+)
You are resistant to electric shocks. (rElec)
You are resistant to unholy torment.
You are immune to petrification.


   Skills:
 - Level 9.0 Fighting
 + Level 11.8 Axes
 - Level 4.7 Throwing
 - Level 8.1 Armour
 - Level 3.0 Dodging


You had 10 spell levels left.
You didn't know any spells.
Your spell library was empty.

Inventory:

Hand Weapons
 b - the +9 hand axe of the Original Sin (weapon) {speed, rElec rPois rC+ Dex+3}
   (You found it on level 7 of the Dungeon)

   Attacks with this weapon are significantly faster.
   Dex:       It affects your dexterity (+3).
   rC:        It protects you from cold.
   rElec:     It insulates you from electricity.
   rPois:     It protects you from poison.
 p - a +3 morningstar
Missiles
 k - 4 boomerangs (quivered)
Armour
 e - a +0 plate armour (worn)
 j - a +2 pair of gloves (worn)
 n - a +0 helmet (worn)
 r - a +0 pair of boots (worn)
Jewellery
 g - a +6 ring of dexterity (left hand)
 s - an amulet of the acrobat (around neck)
Scrolls
 h - 5 scrolls of identify
 i - a scroll of brand weapon
 o - 2 scrolls of teleportation
Potions
 a - 2 potions of curing
 c - a potion of haste
 d - 3 potions of might
 l - a potion of mutation
 m - 3 potions of heal wounds
 q - 3 potions of cancellation
 t - a potion of resistance

Dungeon Overview and Level Annotations

Branches:
Dungeon (10/15)            Temple (0/1) D:6            Lair (0/5) D:10
    Orc: D:9-12

Altars:
Cheibriados
Dithmenos
Fedhas
Gozag
Hepliaklqana
Kikubaaqudgha
Makhleb
Nemelex Xobeh
Qazlal
Ru
Trog
Uskayaw
Vehumet
Xom
Yredelemnul

Shops:
D:2 [   D:3 !

Portals:
Abyss: D:3

Annotations:
D:3 2 transporters, qw's ghost, amateur GrFi


Message History

You hit the boulder beetle but do no damage.
The boulder beetle is moderately wounded.
You hit the boulder beetle.
The boulder beetle is moderately wounded.
The boulder beetle bites you.
You hit the boulder beetle.
The boulder beetle is moderately wounded.
The tengu warrior hits you but does no damage.
You hit the boulder beetle.
The boulder beetle is heavily wounded.
You hit the boulder beetle.
The boulder beetle is heavily wounded.
The boulder beetle bites you!
You hit the boulder beetle but do no damage.
The boulder beetle is heavily wounded.
The tengu warrior hits you but does no damage.
You slice the boulder beetle!!
The boulder beetle is severely wounded.
You hear a roar!
You hit the boulder beetle. You punch the boulder beetle!
The boulder beetle is almost dead.
The boulder beetle leaps!
The yaktaur wields a +0 arbalest.
The yaktaur shoots a bolt.
The bolt hits you.
A rakshasa and an eight-headed hydra come into view.
You are no longer berserk.
You are exhausted.
You feel yourself slow down.
The purple ugly thing completely misses you.
The tengu warrior hits you with a +0 halberd.
The tengu warrior pecks you but does no damage.
The tengu warrior claws you.
You see here a +0 trident.
11921 ||| READING 3 scrolls of teleportation.
As you read the scroll of teleportation, it crumbles to dust.
You feel strangely unstable.
The purple ugly thing bites you but does no damage.
The yaktaur unwields a +0 arbalest.
The yaktaur hits you but does no damage.
The tengu warrior hits you with a +0 halberd!
You die...

# #.. ##. ....
... ...#
###.####..#
.......#..##
......u#B..###
.....Dc#?....##
...8.QQ@....).#
.....Cu#......#
.....RD#......#
.......#.#....#
###.####.####.#
........## #
...###....##
###########
###...###


#PPPPPPPPP## #[.....### You could see a fire dragon, a boulder beetle, an
eight-headed hydra, 2 ugly things, a rakshasa, 2 tengu warriors, a cyclops and a
yaktaur.

Vanquished Creatures
  Erolcha (D:9)
  A centaur warrior (D:9)
  A skeletal warrior (D:10)
  2 manticores
  Maggie (D:8)
  A komodo dragon (D:10)
  A vampire (D:10)
  A wyvern (D:8)
  A wraith (D:9)
  12 yaks
  2 steam dragons
  An acid dragon (D:10)
  A water moccasin (D:6)
  4 orc warriors
  2 ice beasts
  A sky beast (D:8)
  4 black bears
  An ogre (D:5)
  3 centaurs
  3 kobold brigands
  A necrophage (D:6)
  A bullfrog (D:9)
  2 scorpions
  3 wights (D:8)
  6 killer bees (D:9)
  9 orc priests
  3 hounds
  Ijyb (D:3)
  A gnoll bouda (D:9)
  10 orc wizards
  4 gnolls (D:9)
  14 adders
  A white imp (D:6)
  3 worms (D:2)
  5 dart slugs
  31 orcs
  5 bats
  5 endoplasms
  A giant cockroach (D:2)
  14 goblins
  7 hobgoblins
  18 kobolds
  4 quokkas
  6 ball pythons
  5 frilled lizards
  5 rats
209 creatures vanquished.

Vanquished Creatures (others)
  2 orcs (D:8)
  8 plants (D:10)
  4 withered plants (D:2)
14 creatures vanquished.

Grand Total: 223 creatures vanquished

Notes
Turn   | Place    | Note
-------+----------+-------------------------------------------
     0 | D:1      | qw the Gargoyle Berserker began the quest for the Orb.
     0 | D:1      | Reached XP level 1. HP: 14/14 MP: 1/1
     0 | D:1      | 0 ||| qw: Version: 0.1-a-112-g44dc6cd
     0 | D:1      | 0 ||| qw: Game counter: 6715
     0 | D:1      | 0 ||| qw: Always use a shield: true
     0 | D:1      | 0 ||| qw: Do Orc after D:15 true
     0 | D:1      | 0 ||| qw: Do second Lair branch before Depths: true
     0 | D:1      | 0 ||| qw: Lair rune preference: random
     0 | D:1      | 0 ||| qw: Plans: Normal
     0 | D:1      | 0 ||| PLANNING D:1-11
    30 | D:1      | 30 ||| INVOKING Berserk.
    33 | D:1      | HP: 5/21 [kobold/+0 club (3)]
   295 | D:1      | 295 ||| INVOKING Berserk.
   297 | D:1      | Reached skill level 3 in Axes
   498 | D:1      | 498 ||| Stepping ~*~*~tactically~*~*~ (stealth).
   502 | D:1      | Reached XP level 2. HP: 19/19 MP: 2/2
   617 | D:1      | 617 ||| DROPPING +0 club.
   965 | D:1      | 965 ||| INVOKING Berserk.
   965 | D:1      | HP: 6/28 [frozen (4)]
  1259 | D:1      | Reached XP level 3. HP: 21/23 MP: 3/3
  1382 | D:1      | 1382 ||| Stepping ~*~*~tactically~*~*~ (hiding).
  1484 | D:1      | 1484 ||| Stepping ~*~*~tactically~*~*~ (hiding).
  1586 | D:1      | 1586 ||| Stepping ~*~*~tactically~*~*~ (hiding).
  1972 | D:1      | 1972 ||| DROPPING ring of magical power.
  1973 | D:1      | 1973 ||| READING scroll labelled NORAB AHAOQ.
  1974 | D:1      | 1974 ||| READING 3 scrolls labelled NESKEJ EPSU.
  1975 | D:1      | 1975 ||| READING 2 scrolls labelled XEINOS NELYUHU.
  1976 | D:1      | 1976 ||| READING scroll labelled POUXIKH UZUAM POCW.
  1977 | D:1      | 1977 ||| READING scroll labelled DYGU BEOMIPNAO.
  1978 | D:1      | 1978 ||| READING scroll labelled KEMECA NEMPESS.
  1979 | D:1      | 1979 ||| READING 2 scrolls labelled BEARICHUFU.
  1980 | D:1      | 1980 ||| DROPPING 2 scrolls of magic mapping.
  1981 | D:1      | 1981 ||| DROPPING scroll of poison.
  2160 | D:2      | Reached skill level 4 in Axes
  2495 | D:2      | Found a faded altar of an unknown god.
  2558 | D:2      | Found Qoleok's Antique Armour Emporium.
  2567 | D:2      | 2567 ||| SHOPLISTING distressingly furry scale mail (243
                  | gold, have 138).
  2567 | D:2      | 2567 ||| SHOPLISTING glimmering plate armour (756 gold,
                  | have 138).
  2567 | D:2      | 2567 ||| BUYING glowing leather armour (135 gold).
  2567 | D:2      | Bought a glowing leather armour for 135 gold pieces
  2567 | D:2      | 2567 ||| SHOPLISTING ring mail (108 gold, have 3).
  2567 | D:2      | 2567 ||| SHOPLISTING runed scale mail (189 gold, have 3).
  2567 | D:2      | 2567 ||| SHOPLISTING slimy ring mail (243 gold, have 3).
  2630 | D:2      | 2630 ||| Stepping ~*~*~tactically~*~*~ (hiding).
  2758 | D:2      | 2758 ||| Stepping ~*~*~tactically~*~*~ (stealth).
  2780 | D:2      | 2780 ||| Stepping ~*~*~tactically~*~*~ (stealth).
  2797 | D:2      | 2797 ||| Stepping ~*~*~tactically~*~*~ (hiding).
  2899 | D:2      | 2899 ||| Stepping ~*~*~tactically~*~*~ (hiding).
  3001 | D:2      | 3001 ||| Stepping ~*~*~tactically~*~*~ (hiding).
  3002 | D:2      | 3002 ||| Stepping ~*~*~tactically~*~*~ (hiding).
  3009 | D:2      | Reached XP level 4. HP: 27/28 MP: 4/4
  3673 | D:2      | 3673 ||| UPGRADING to +0 leather armour.
  3683 | D:2      | 3683 ||| DROPPING +0 animal skin.
  3684 | D:2      | 3684 ||| UPGRADING to +0 pair of gloves.
  3689 | D:2      | 3689 ||| UPGRADING to +3 leather armour of fire resistance.
  3699 | D:2      | 3699 ||| DROPPING +0 leather armour.
  3700 | D:2      | 3700 ||| READING scroll of enchant armour.
  3700 | D:2      | 3700 ||| ENCHANTING +0 pair of gloves.
  3701 | D:2      | 3701 ||| READING scroll labelled QUSIR REUFIHACS.
  3702 | D:2      | 3702 ||| READING scroll labelled ZONNIAMISA.
  3703 | D:2      | 3703 ||| READING scroll labelled TANUOTT INGEOT.
  3704 | D:2      | 3704 ||| READING scroll labelled CUOFRA FOTU.
  3705 | D:2      | 3705 ||| DRINKING 3 green potions.
  3706 | D:2      | 3706 ||| DROPPING 2 potions of flight.
  3720 | D:3      | Found Fucam's Distillery.
  3721 | D:3      | Noticed Ijyb
  3722 | D:3      | 3722 ||| STAIRDANCE
  3728 | D:3      | 3728 ||| INVOKING Berserk.
  3732 | D:3      | Paralysed by Ijyb for 4 turns
  3742 | D:3      | Killed Ijyb
  3743 | D:3      | Reached skill level 5 in Axes
  3743 | D:3      | Reached XP level 5. HP: 32/32 MP: 5/5
  3849 | D:3      | 3849 ||| READING scroll of enchant weapon.
  3849 | D:3      | 3849 ||| ENCHANTING +1 hand axe of protection.
  3858 | D:3      | 3858 ||| BUYING potion of curing (39 gold).
  3858 | D:3      | Bought a potion of curing for 39 gold pieces
  3858 | D:3      | 3858 ||| SHOPLISTING potion of heal wounds (65 gold, have
                  | 35).
  3858 | D:3      | 3858 ||| SHOPLISTING potion of might (52 gold, have 35).
  3858 | D:3      | 3858 ||| SHOPLISTING potion of mutation (104 gold, have
                  | 35).
  3910 | D:3      | 3910 ||| Stepping ~*~*~tactically~*~*~ (hiding).
  3911 | D:3      | 3911 ||| INVOKING Berserk.
  3919 | D:3      | Reached ** piety under Trog
  4025 | D:3      | 4025 ||| DROPPING +0 whip.
  4220 | D:3      | 4220 ||| READING scroll of brand weapon.
  4220 | D:3      | 4220 ||| BRANDING +2 hand axe of protection.
  4263 | D:3      | Found a transporter.
  4269 | D:3      | Found a one-way gate to the infinite horrors of the Abyss.
  4269 | D:3      | Noticed qw's ghost (amateur GrFi)
  4278 | D:3      | 4278 ||| Stepping ~*~*~tactically~*~*~ (hiding).
  4380 | D:3      | 4380 ||| Stepping ~*~*~tactically~*~*~ (hiding).
  4503 | D:3      | Found a transporter.
  4565 | D:3      | 4565 ||| Stepping ~*~*~tactically~*~*~ (stealth).
  4566 | D:3      | 4566 ||| Stepping ~*~*~tactically~*~*~ (hiding).
  4568 | D:3      | 4568 ||| Stepping ~*~*~tactically~*~*~ (hiding).
  4571 | D:3      | 4571 ||| INVOKING Berserk.
  4578 | D:3      | Reached XP level 6. HP: 38/38 MP: 6/6
  4948 | D:3      | 4948 ||| UPGRADING to +3 chain mail.
  4958 | D:3      | 4958 ||| DROPPING +3 leather armour of fire resistance.
  4959 | D:3      | 4959 ||| UPGRADING to +6 ring of dexterity.
  4960 | D:3      | 4960 ||| DRINKING 2 coppery potions.
  5165 | D:4      | 5165 ||| Stepping ~*~*~tactically~*~*~ (hiding).
  5167 | D:4      | 5167 ||| INVOKING Berserk.
  5366 | D:4      | Reached skill level 6 in Axes
  5563 | D:4      | 5563 ||| Stepping ~*~*~tactically~*~*~ (stealth).
  5804 | D:4      | 5804 ||| UPGRADING to +0 helmet.
  5809 | D:4      | 5809 ||| READING scroll labelled TEINET UGUUCS.
  5875 | D:4      | 5875 ||| DRINKING 2 grey potions.
  5876 | D:4      | 5876 ||| DRINKING 2 fizzy clear potions.
  5981 | D:4      | 5981 ||| DROPPING potion of berserk rage.
  5995 | D:5      | Entered Level 5 of the Dungeon
  5995 | D:5      | Found a shadowy altar of Dithmenos.
  6030 | D:5      | Noticed a black bear
  6034 | D:5      | 6034 ||| INVOKING Berserk.
  6036 | D:5      | Killed a black bear
  6176 | D:5      | Noticed an orc warrior
  6177 | D:5      | 6177 ||| INVOKING Berserk.
  6185 | D:5      | Killed an orc warrior
  6186 | D:5      | Reached skill level 3 in Armour
  6186 | D:5      | Reached XP level 7. HP: 43/43 MP: 7/7
  6425 | D:5      | 6425 ||| INVOKING Berserk.
  6637 | D:5      | 6637 ||| Stepping ~*~*~tactically~*~*~ (stealth).
  6942 | D:5      | 6942 ||| DROPPING amulet of magic regeneration.
  6943 | D:5      | 6943 ||| UPGRADING to amulet of the acrobat.
  6948 | D:5      | 6948 ||| READING scroll labelled ENLAGE XETUWK.
  6949 | D:5      | 6949 ||| DRINKING 2 fuming clear potions.
  6950 | D:5      | 6950 ||| READING 2 scrolls of identify.
  6950 | D:5      | 6950 ||| IDENTIFYING fuming yellow potion
  6951 | D:5      | 6951 ||| DROPPING potion of degeneration.
  6952 | D:5      | 6952 ||| DROPPING potion of lignification.
  6966 | D:6      | 6966 ||| DRINKING 3 potions of curing.
  6966 | D:6      | 6966 ||| (to cure confusion)
  6972 | D:6      | 6972 ||| DRINKING 2 potions of curing.
  6972 | D:6      | 6972 ||| (to cure confusion)
  6975 | D:6      | 6975 ||| DRINKING potion of curing.
  6975 | D:6      | 6975 ||| (to cure confusion)
  6977 | D:6      | Reached skill level 7 in Axes
  6982 | D:6      | 6982 ||| INVOKING Berserk.
  6988 | D:6      | Reached XP level 8. HP: 49/49 MP: 8/8
  7123 | D:6      | 7123 ||| Stepping ~*~*~tactically~*~*~ (hiding).
  7466 | D:6      | 7466 ||| Stepping ~*~*~tactically~*~*~ (stealth).
  7467 | D:6      | 7467 ||| Stepping ~*~*~tactically~*~*~ (stealth).
  7470 | D:6      | 7470 ||| INVOKING Berserk.
  7477 | D:6      | Reached skill level 8 in Axes
  7504 | D:6      | Reached *** piety under Trog
  7505 | D:6      | Reached skill level 6 in Fighting
  7603 | D:6      | 7603 ||| INVOKING Berserk.
  7639 | D:6      | Reached XP level 9. HP: 45/55 MP: 9/9
  7813 | D:6      | Identified the +9 short sword of Caustic Honour {vorpal,
                  | rPois rF- rC+ Int+10}
  7833 | D:6      | Found a staircase to the Ecumenical Temple.
  7987 | D:6      | 7987 ||| UPGRADING to +0 plate armour.
  7997 | D:6      | 7997 ||| DROPPING +3 chain mail.
  7998 | D:6      | 7998 ||| READING 6 scrolls of identify.
  7998 | D:6      | 7998 ||| IDENTIFYING golden potion
  7999 | D:6      | 7999 ||| READING 5 scrolls of identify.
  7999 | D:6      | 7999 ||| IDENTIFYING blue potion
  8006 | D:7      | 8006 ||| STAIRDANCE
  8008 | D:6      | 8008 ||| INVOKING Berserk.
  8154 | D:7      | 8154 ||| INVOKING Berserk.
  8273 | D:7      | Identified the +9 hand axe of the Original Sin {speed,
                  | rElec rPois rC+ Dex+3}
  8275 | D:7      | 8275 ||| SWAPPING to +9 hand axe of the Original Sin
                  | {speed, rElec rPois rC+ Dex+3}.
  8276 | D:7      | 8276 ||| DROPPING +2 vampiric hand axe.
  8350 | D:7      | Reached skill level 9 in Axes
  8417 | D:7      | 8417 ||| INVOKING Berserk.
  8600 | D:7      | 8600 ||| Stepping ~*~*~tactically~*~*~ (hiding).
  8606 | D:7      | Reached skill level 3 in Throwing
  8665 | D:7      | 8665 ||| Stepping ~*~*~tactically~*~*~ (cloud).
  8668 | D:7      | 8668 ||| INVOKING Berserk.
  8689 | D:7      | Reached skill level 6 in Armour
  9205 | D:8      | Reached skill level 10 in Axes
  9205 | D:8      | Reached XP level 10. HP: 54/63 MP: 10/10
  9321 | D:8      | 9321 ||| Stepping ~*~*~tactically~*~*~ (hiding).
  9322 | D:8      | 9322 ||| INVOKING Berserk.
  9332 | D:8      | 9332 ||| Stepping ~*~*~tactically~*~*~ (cloud).
  9490 | D:8      | 9490 ||| Stepping ~*~*~tactically~*~*~ (stealth).
  9503 | D:8      | 9503 ||| DROPPING +0 flail.
  9610 | D:8      | Noticed Maggie
  9611 | D:8      | 9611 ||| Stepping ~*~*~tactically~*~*~ (hiding).
  9612 | D:8      | 9612 ||| Stepping ~*~*~tactically~*~*~ (hiding).
  9630 | D:8      | Killed Maggie
  9786 | D:8      | Reached **** piety under Trog
  9868 | D:8      | 9868 ||| READING scroll of enchant armour.
  9868 | D:8      | 9868 ||| ENCHANTING +1 pair of gloves.
 10131 | D:8      | 10131 ||| READING 9 scrolls of identify.
 10131 | D:8      | 10131 ||| IDENTIFYING fuming coppery potion
 10132 | D:8      | 10132 ||| READING 8 scrolls of identify.
 10132 | D:8      | 10132 ||| IDENTIFYING pink potion
 10133 | D:8      | 10133 ||| DROPPING potion of ambrosia.
 10134 | D:8      | 10134 ||| DROPPING potion of brilliance.
 10298 | D:9      | Noticed a manticore
 10299 | D:9      | 10299 ||| INVOKING Berserk.
 10303 | D:9      | Killed a manticore
 10500 | D:9      | Reached skill level 11 in Axes
 10511 | D:9      | Reached skill level 3 in Dodging
 10581 | D:9      | Noticed Erolcha
 10582 | D:9      | 10582 ||| Stepping ~*~*~tactically~*~*~ (hiding).
 10584 | D:9      | 10584 ||| Stepping ~*~*~tactically~*~*~ (hiding).
 10585 | D:9      | 10585 ||| Stepping ~*~*~tactically~*~*~ (hiding).
 10586 | D:9      | 10586 ||| INVOKING Trog's Hand.
 10588 | D:9      | 10588 ||| INVOKING Berserk.
 10595 | D:9      | Killed Erolcha
 10799 | D:9      | 10799 ||| Stepping ~*~*~tactically~*~*~ (hiding).
 10863 | D:9      | 10863 ||| INVOKING Berserk.
 11011 | D:9      | 11011 ||| Stepping ~*~*~tactically~*~*~ (stealth).
 11013 | D:9      | 11013 ||| Stepping ~*~*~tactically~*~*~ (stealth).
 11020 | D:9      | Reached XP level 11. HP: 63/69 MP: 11/11
 11033 | D:9      | 11033 ||| Stepping ~*~*~tactically~*~*~ (stealth).
 11035 | D:9      | 11035 ||| Stepping ~*~*~tactically~*~*~ (stealth).
 11036 | D:9      | 11036 ||| Stepping ~*~*~tactically~*~*~ (stealth).
 11037 | D:9      | 11037 ||| Stepping ~*~*~tactically~*~*~ (stealth).
 11062 | D:9      | Reached skill level 9 in Fighting
 11073 | D:9      | Noticed a centaur warrior
 11085 | D:9      | Killed a centaur warrior
 11419 | D:9      | 11419 ||| UPGRADING to +0 pair of boots.
 11424 | D:9      | 11424 ||| READING 7 scrolls of identify.
 11424 | D:9      | 11424 ||| IDENTIFYING smoky green potion
 11425 | D:9      | 11425 ||| READING 6 scrolls of identify.
 11425 | D:9      | 11425 ||| IDENTIFYING bubbling emerald potion
 11469 | D:10     | Entered Level 10 of the Dungeon
 11520 | D:10     | 11520 ||| FLEEEEING.
 11521 | D:10     | 11521 ||| FLEEEEING.
 11522 | D:10     | 11522 ||| FLEEEEING.
 11523 | D:10     | 11523 ||| FLEEEEING.
 11524 | D:10     | 11524 ||| FLEEEEING.
 11525 | D:10     | 11525 ||| FLEEEEING.
 11530 | D:10     | 11530 ||| FLEEEEING.
 11531 | D:10     | 11531 ||| FLEEEEING.
 11532 | D:10     | 11532 ||| FLEEEEING.
 11546 | D:10     | 11546 ||| Stepping ~*~*~tactically~*~*~ (hiding).
 11592 | D:10     | Found an opulent altar of Gozag.
 11593 | D:10     | Found a shimmering altar of Xom.
 11595 | D:10     | Found an ancient bone altar of Kikubaaqudgha.
 11598 | D:10     | Found a basalt altar of Yredelemnul.
 11599 | D:10     | Found a bloodstained altar of Trog.
 11599 | D:10     | Found a radiant altar of Vehumet.
 11599 | D:10     | Found a snail-covered altar of Cheibriados.
 11599 | D:10     | Found a burning altar of Makhleb.
 11599 | D:10     | Found a sparkling altar of Nemelex Xobeh.
 11600 | D:10     | Found a stormy altar of Qazlal.
 11601 | D:10     | Found a blossoming altar of Fedhas.
 11602 | D:10     | Found a sacrificial altar of Ru.
 11603 | D:10     | Found a hide-covered altar of Uskayaw.
 11604 | D:10     | Found a hazy altar of Hepliaklqana.
 11630 | D:10     | Found a staircase to the Lair.
 11641 | D:10     | 11641 ||| INVOKING Berserk.
 11786 | D:10     | 11786 ||| Stepping ~*~*~tactically~*~*~ (hiding).
 11787 | D:10     | 11787 ||| Stepping ~*~*~tactically~*~*~ (hiding).
 11882 | D:10     | Noticed a purple ugly thing
 11882 | D:10     | Noticed a boulder beetle
 11882 | D:10     | Noticed a tengu warrior
 11882 | D:10     | Noticed a skeletal warrior
 11882 | D:10     | Noticed a manticore
 11882 | D:10     | Noticed a cyclops
 11883 | D:10     | 11883 ||| Stepping ~*~*~tactically~*~*~ (hiding).
 11885 | D:10     | 11885 ||| INVOKING Berserk.
 11886 | D:10     | Noticed a tengu warrior
 11889 | D:10     | Noticed a red ugly thing
 11891 | D:10     | Noticed a fire dragon
 11898 | D:10     | Killed a skeletal warrior
 11904 | D:10     | Killed a manticore
 11916 | D:10     | HP: 25/106 [boulder beetle (15)]
 11920 | D:10     | Noticed a rakshasa
 11920 | D:10     | Noticed an eight-headed hydra
 11920 | D:10     | HP: 12/71 [tengu warrior/+0 halberd (3)]
 11921 | D:10     | 11921 ||| READING 3 scrolls of teleportation.
 11921 | D:10     | Mangled by a tengu warrior

Levels and vault maps discovered:
D:1:      wander_arrival_estate, layout_loops_ring
D:2:      minmay_chambers_of_twos, layout_basic, serial_shops,
          nicolae_lakefront_shop, ebering_ecumenical_altar_petrified,
          nicolae_wormholes
D:3:      layout_loops_ring, serial_shops, shop, gammafunk_ghost_abyssal_escape,
          st_stairs_14, uniq_ijyb
D:4:      layout_gridville
D:5:      nicolae_cairo_tiling_very_big, layout_basic,
          grunt_dithmenos_smoke_and_mirrors, lightli_corner_chamber
D:6:      layout_basic, temple_fountains, minmay_misc_feat_roman,
          minmay_fractal_squares_diagonal_5
D:7:      layout_loops_ring
D:8:      layout_basic, uniq_maggie
D:9:      layout_loops_cross, uniq_erolcha
D:10:     layout_cave_pods, minitemple, david_lair_shrubbed, minivault_28

Skill      XL: |  1  2  3  4  5  6  7  8  9 10 11 |
---------------+----------------------------------+-----
Axes           | 3 4 5 6 7 8 10 11 | 11.8
Fighting       | 4 5 6 7 8 9 |  9.0
Throwing       | 2 3 4 |  4.7
Armour         | 3 4 6 7 8 |  8.1
Dodging        | 2 3 |  3.0

Action                   |  1- 3 |  4- 6 |  7- 9 | 10-12 || total
-------------------------+-------+-------+-------+-------++-------
Melee: Hand axe          |   140 |   168 |   244 |   225 ||   777
       Punch             |     2 |     1 |     4 |     7 ||    14
Throw: Javelin           |       |     7 |    17 |    15 ||    39
       Boomerang         |       |     4 |     1 |     6 ||    11
Invok: Berserk           |     3 |     6 |     8 |     6 ||    23
       Trog's Hand       |       |       |       |     1 ||     1
  Use: Scroll            |     7 |     8 |     4 |     6 ||    25
       Potion            |       |     4 |     4 |       ||     8
Armor: Animal skin       |    39 |    15 |       |       ||    54
       Leather armour    |       |    23 |       |       ||    23
       Chain mail        |       |    24 |   101 |       ||   125
       Plate armour      |       |       |    24 |    80 ||   104
Dodge: Dodged            |    72 |    71 |    82 |    55 ||   280

Table legend:
 A = Non-vault XP
 B = Vault XP
 C = Vault XP percentage of total XP
 D = Non-vault monster count
 E = Vault monster count
 F = Vault count percentage of total count
                 A         B        C        D         E       F
            +---------+---------+-------+---------+---------+-------
      Total |    9337 |    3356 |  26.4 |     188 |      21 |  10.0
            +---------+---------+-------+---------+---------+-------
        D:1 |      47 |       0 |   0.0 |      25 |       0 |   0.0
        D:2 |      50 |      38 |  43.2 |      20 |      11 |  35.5
        D:3 |     162 |      36 |  18.2 |      11 |       1 |   8.3
        D:4 |     120 |       0 |   0.0 |      19 |       0 |   0.0
        D:5 |     577 |       0 |   0.0 |      16 |       0 |   0.0
        D:6 |    1220 |     306 |  20.1 |      25 |       4 |  13.8
        D:7 |     971 |       0 |   0.0 |      25 |       0 |   0.0
        D:8 |    2102 |     415 |  16.5 |      15 |       1 |   6.2
        D:9 |    3400 |     878 |  20.5 |      21 |       1 |   4.5
       D:10 |     688 |    1683 |  71.0 |      11 |       3 |  21.4
            +---------+---------+-------+---------+---------+-------
